 Dungeon Crawl Stone Soup version 0.19.1-1-g22dce08 (webtiles) character file.

857 sveltemanboy the Destroyer (level 8, 0/44 HPs)
             Began as a Tengu Conjurer on Jan 7, 2017.
             Slain by a jackal skeleton (2 damage)
             ... on level 5 of the Dungeon.
             The game lasted 00:12:38 (4730 turns).

sveltemanboy the Destroyer (Tengu Conjurer)         Turns: 4730, Time: 00:12:39

Health: 0/44       AC:  4    Str:  9    XL:     8   Next: 2%
Magic:  16/24      EV: 12    Int: 18    God:
Gold:   196        SH:  0    Dex: 14    Spells: 4 memorised, 3 levels left

rFire  . . .     SeeInvis .     g - +2 whip (venom)
rCold  . . .     Gourm    .     a - +0 robe
rNeg   . . .     Faith    .     (no shield)
rPois  .         Spirit   .     (helmet restricted)
rElec  .         Reflect  .     G - +1 cloak
rCorr  .         Harm     .     (no gloves)
MR     .....                    (boots unavailable)
Stlth  ++........               m - amulet of rage
                                (no ring)
                                d - ring of magical power

@: very slightly contaminated
A: beak, talons 3, able to fly 1
a: Fly, Evoke Berserk Rage


You were on level 5 of the Dungeon.
You were not hungry.

You visited 1 branch of the dungeon, and saw 5 of its levels.
You also visited: Sewer.

You collected 196 gold pieces.

Inventory:

Hand Weapons
 g - a +2 whip of venom (weapon)
Missiles
 f - 4 javelins
 u - 3 silver javelins (quivered)
Armour
 a - a +0 robe (worn)
 G - a +1 cloak (worn)
Jewellery
 d - a ring of magical power (left hand)
 e - an uncursed ring of fire
 m - an amulet of rage (around neck)
Wands
 l - a wand of polymorph (10/24)
 F - a wand of polymorph (7/24)
Scrolls
 i - 5 scrolls of remove curse
 k - 2 scrolls of amnesia {unknown}
 p - 2 scrolls of fog {unknown}
 s - 2 scrolls of random uselessness {unknown}
 t - a scroll of noise {unknown}
 w - 4 scrolls of enchant weapon {unknown}
 x - 2 scrolls of immolation {unknown}
 y - a scroll of enchant armour {unknown}
Potions
 h - 2 potions of agility
 j - a potion of brilliance {unknown}
 n - 2 potions of might
 o - 3 potions of heal wounds
 q - 3 potions of lignification {unknown}
 v - 2 potions of cure mutation
 A - a potion of ambrosia {unknown}
 C - 7 potions of curing {unknown}
 D - 3 potions of flight {unknown}
Books
 b - a book of Conjurations

   Spells                             Type                      Level
   a - Magic Dart                     Conjuration                  1
   b - Searing Ray                    Conjuration                  2
   c - Dazzling Spray                 Conjuration/Hexes            3
   d - Fulminant Prism                Conjuration/Hexes            4
   e - Iskenderun's Mystic Blast      Conjuration                  4
   f - Iskenderun's Battlesphere      Conjuration/Charms           5
Comestibles
 c - 4 bread rations
 r - 2 slices of pizza
 z - 2 meat rations
 B - a beef jerky
 E - 2 chunks of flesh


   Skills:
 + Level 2.1 Fighting
 - Level 2.1 Dodging
 - Level 2.0 Stealth
 - Level 4.1 Spellcasting
 * Level 10.3 Conjurations
 - Level 2.0 Charms


You had 3 spell levels left.
You knew the following spells:

 Your Spells              Type           Power        Failure   Level  Hunger
a - Magic Dart            Conj           ####         1%          1    None
b - Searing Ray           Conj           #####.       1%          2    ##.....
c - Iskenderun's Mystic   Conj           #####...     2%          4    ####...
d - Iskenderun's Battles  Conj/Chrm      ####....     34%         5    ######.


Dungeon Overview and Level Annotations

Branches:
Dungeon (5/15)
 Temple: D:4-7

Altars:
Cheibriados
Qazlal

Shops:
D:5 }

Annotations:
D:4 Blixahr's ghost, novice HOFi


Innate Abilities, Weirdness & Mutations

You have a beak for a mouth.
You have claws for feet.
You can fly.


Message History

Aiming: Iskenderun's Mystic Blast
Press: ? - help, Shift-Dir - straight line, f - centaur
Aim: a centaur, wielding a shortbow You miscast Iskenderun's Mystic Blast.
You are very lightly contaminated with residual magic.
Nothing appears to happen.
The centaur unwields an uncursed shortbow.
The centaur closely misses you.
Casting: Iskenderun's Mystic Blast
Confirm with . or Enter, or press ? or * to list all spells.
Aiming: Iskenderun's Mystic Blast
Press: ? - help, Shift-Dir - straight line, f/p - centaur
Aim: a centaur The orb of energy hits the centaur.
The centaur is severely wounded.
The orb of energy explodes!
The mystic blast hits the worm.
The worm is severely wounded.
The leopard gecko hisses angrily.
The centaur barely misses you. The jackal skeleton bites you.
You die...

#...### ##.....## #
#.......## # ..
##........# # .>.
##.......... #
...###..$........ #
.....#........... #
#.l....@c.w.... #
###.....Z...... ####
##.............
#..#######...(..........
......#............$....
..........#.............
......######............
......# ##...........
.....## #†.........


You could see a centaur, a worm, a leopard gecko and a jackal skeleton.

Vanquished Creatures
  Duvessa (D:4)
  An orc warrior (D:5)
  A phantom (D:4)
  The ghost of bosm the Insei, an amateur OpTm of Makhleb (D:3)
  2 big kobolds (Sewer)
  Dowan (D:4)
  2 orc wizards
  Jessica (D:2)
  2 worker ants
  A hound zombie (D:5)
  3 adders
  A river rat (D:5)
  An ooze (D:2)
  3 worms
  3 dart slugs
  5 leopard geckos
  12 orcs
  6 ball pythons
  5 giant cockroaches
  5 goblins
  6 hobgoblins
  5 jackals (D:4)
  6 bats
  8 frilled lizards
  16 kobolds
  12 rats
110 creatures vanquished.

Notes
Turn   | Place    | Note
-------+----------+-------------------------------------------
     0 | D:1      | sveltemanboy the Tengu Conjurer began the quest for the Orb.
     0 | D:1      | Reached XP level 1. HP: 10/10 MP: 4/4
   377 | D:1      | Reached XP level 2. HP: 15/15 MP: 4/6
   381 | D:1      | Learned a level 2 spell: Searing Ray
   818 | D:2      | Reached skill level 6 in Conjurations
   818 | D:2      | Reached XP level 3. HP: 19/19 MP: 5/7
  1127 | D:2      | Found a snail-covered altar of Cheibriados.
  1179 | D:2      | Found a stormy altar of Qazlal.
  1447 | D:2      | Noticed Jessica
  1451 | D:2      | Killed Jessica
  1451 | D:2      | Reached XP level 4. HP: 24/24 MP: 6/9
  1988 | D:3      | Reached skill level 7 in Conjurations
  2159 | D:3      | Gained mutation: You can fly. [Tengu growth]
  2159 | D:3      | Reached XP level 5. HP: 28/28 MP: 7/10
  2217 | D:3      | Noticed bosm's ghost (amateur OpTm)
  2222 | D:3      | Killed bosm's ghost
  2460 | D:4      | Reached skill level 8 in Conjurations
  2559 | D:4      | Reached XP level 6. HP: 17/32 MP: 2/12
  2601 | D:4      | Noticed Blixahr's ghost (novice HOFi)
  2949 | D:4      | Learned a level 4 spell: Iskenderun's Mystic Blast
  2955 | D:4      | Learned a level 5 spell: Iskenderun's Battlesphere
  3331 | D:4      | Noticed a phantom
  3340 | D:4      | Killed a phantom
  3340 | D:4      | Reached skill level 1 in Charms
  3485 | D:4      | Noticed Duvessa
  3486 | D:4      | Noticed Dowan
  3491 | D:4      | Killed Duvessa
  3491 | D:4      | Reached skill level 9 in Conjurations
  3491 | D:4      | Reached XP level 7. HP: 36/36 MP: 4/14
  3501 | D:4      | Killed Dowan
  3776 | D:5      | Entered Level 5 of the Dungeon
  3872 | D:5      | Found Ajuacen's Gadget Shoppe.
  3962 | D:5      | Found a glowing drain.
  3966 | Sewer    | Entered a sewer
  4230 | Sewer    | Reached skill level 1 in Fighting
  4538 | D:5      | Reached skill level 10 in Conjurations
  4538 | D:5      | Reached XP level 8. HP: 15/44 MP: 9/15
  4728 | D:5      | HP: 2/44 [centaur/arrow (2)]
  4730 | D:5      | Slain by a jackal skeleton

Skill      XL: |  1  2  3  4  5  6  7 |
---------------+----------------------+-----
Conjurations   | 6 7 8 9 10 | 10.3
Spellcasting   | 3 4 |  4.1
Charms         | 1 2 |  2.0
Fighting       | 2 |  2.1
Dodging        | |  2.1
Stealth        | |  2.0

Action                   |  1- 3 |  4- 6 |  7- 9 || total
-------------------------+-------+-------+-------++-------
Melee: Short sword       |     8 |    26 |    11 ||    45
       Peck              |     1 |     4 |     1 ||     6
       Kick              |       |     3 |     8 ||    11
       Whip              |       |       |    38 ||    38
       Unarmed           |       |       |     2 ||     2
Throw: Javelin           |    36 |    29 |       ||    65
 Cast: Magic Dart        |    20 |    28 |    22 ||    70
       Searing Ray       |     1 |    15 |     6 ||    22
       Iskenderun's Myst |       |     2 |     7 ||     9
  Use: Scroll            |     2 |     3 |       ||     5
 Stab: Sleeping          |       |       |     1 ||     1
  Eat: Chunk             |     1 |     7 |     7 ||    15
Armor: Robe              |     1 |    10 |    20 ||    31
Dodge: Dodged            |    12 |    35 |    63 ||   110
